 Seeded DCSS version 0.30-a0-476-g330ca2eb8e (webtiles) character file.

Game seed: 16792993399291170163 (custom seed)

15773 purpskrrrp the Basher (level 12, -5/77 HPs)
             Began as a Gargoyle Fighter on Dec 22, 2022.
             Was an Elder of Sif Muna.
             Constricted to death by Jorgrun (7 damage)
             ... on level 12 of the Dungeon.
             The game lasted 00:34:44 (14875 turns).

purpskrrrp the Basher (Gargoyle Fighter)           Turns: 14875, Time: 00:34:44

Health: -5/77      AC: 25    Str: 31    XL:     12   Next: 30%
Magic:  0/17       EV:  7    Int:  9    God:    Sif Muna [****..]
Gold:   1980       SH:  5    Dex: 18    Spells: 11/11 levels left

rFire   + . .      SeeInvis .    y - +3 flail (distort)
rCold   + . .      Faith    .    c - +0 buckler
rNeg    + + +      Spirit   +    p - +0 acid dragon scales
rPois   ∞          Reflect  .    s - +3 hat "Badabyze" {rPois Dex+7}
rElec   +          Harm     .    (no cloak)
rCorr   +          Rampage  .    K - +0 pair of gloves
Will    +....                    t - +2 pair of boots
Stlth   +.........               l - amulet of guardian spirit
HPRegen 0.32/turn                D - ring "Soxkowno" {rN++ Will+ Dex+2}
MPRegen 0.15/turn                u - +6 ring of strength

@: resistant, grasped by roots, constricted
A: sickness immunity, AC +8, negative energy resistance 1, electricity
resistance, torment resistance 1, petrification resistance
a: Renounce Religion, Channel Magic, Forget Spell, Divine Exegesis


You were on level 12 of the Dungeon.
You worshipped Sif Muna.
Sif Muna was greatly pleased with you.
You visited 1 branch of the dungeon, and saw 13 of its levels.
You also visited: Bailey.

You collected 2564 gold pieces.
You spent 584 gold pieces at shops.

Inventory:

Hand Weapons
 a - a +1 flail
 x - a +3 battleaxe
 y - a +3 flail of distortion (weapon)
 J - a +2 vampiric morningstar
Missiles
 f - 24 boomerangs (quivered)
 n - 5 atropa-tipped darts
 w - 14 datura-tipped darts
 A - 3 throwing nets
 B - 36 poisoned darts
 H - 6 curare-tipped darts
Armour
 b - a +0 scale mail
 c - a +0 buckler (worn)
 p - +0 acid dragon scales (worn)
 s - the +3 hat "Badabyze" (worn) {rPois Dex+7}
   (You acquired it on level 3 of the Dungeon)

   Dex:       It affects your dexterity (+7).
   rPois:     It protects you from poison.
 t - a +2 pair of boots (worn)
 K - a +0 pair of gloves (worn)
Jewellery
 e - a ring of resist corrosion
 h - a ring of ice
 k - a +6 ring of intelligence
 l - an amulet of guardian spirit (around neck)
 r - a ring of wizardry
 u - a +6 ring of strength (right hand)
 D - the ring "Soxkowno" (left hand) {rN++ Will+ Dex+2}
   (You acquired it on level 9 of the Dungeon)

   [ring of willpower]

   Dex:       It affects your dexterity (+2).
   rN:        It greatly protects you from negative energy.
   Will:      It increases your willpower.
Wands
 E - a wand of iceblast (34)
 F - a wand of acid (4)
 G - a wand of flame (25)
 L - a wand of charming (12)
 M - a wand of polymorph (4)
Scrolls
 g - 4 scrolls of noise
 i - 3 scrolls of vulnerability
 j - 7 scrolls of teleportation
 m - 3 scrolls of poison
 o - 3 scrolls of amnesia
 v - a scroll of immolation
Potions
 d - 2 potions of might
 z - a potion of flight
 O - a potion of brilliance


   Skills:
 + Level 9.8 Fighting
 * Level 11.7 Maces & Flails
 + Level 9.6 Armour
 - Level 3.2 Shields
 + Level 10.5 Earth Magic
 - Level 7.2 Invocations


You had 11 spell levels left.
You didn't know any spells.
Your spell library contained the following spells:

 Spells                   Type           Power      Damage    Failure   Level
 Passwall                 Tmut/Erth      7%         N/A       11%         2
 Apportation              Tloc           0%         N/A       52%         1
 Necrotise                Necr           0%         1d4       52%         1
 Summon Small Mammal      Summ           0%         N/A       52%         1
 Leda's Liquefaction      Hex/Erth       4%         N/A       56%         4
 Ensorcelled Hibernation  Hex/Ice        0%         N/A       67%         2
 Static Discharge         Conj/Air       0%         2-2/arc   67%         2
 Call Canine Familiar     Summ           0%         N/A       88%         3
 Portal Projectile        Hex/Tloc       0%         N/A       88%         3
 Swiftness                Air            0%         N/A       88%         3
 Vhi's Electric Charge    Tloc/Air       0%         N/A       88%         3
 Summon Lightning Spire   Summ/Air       0%         N/A       99%         4
 Arcjolt                  Conj/Air       0%         1d10      100%        5
 Lightning Bolt           Conj/Air       0%         1d11      100%        5
 Storm Form               Tmut/Air       0%         N/A       100%        7
 Maxwell's Capacitive Co  Air            0%         ∞         100%        8


Dungeon Overview and Level Annotations

Branches:
Dungeon (13/15)            Temple (0/1) D:7            Lair (0/5) D:8
    Orc (0/2) D:9          Bailey (visited)
 Vaults: D:13-14

Altars:
Ashenzari
Cheibriados
Dithmenos
Elyvilon
Fedhas
Gozag
Hepliaklqana
Kikubaaqudgha
Makhleb
Nemelex Xobeh
Okawaru
Ru
Sif Muna
Uskayaw
Yredelemnul
Zin
The Shining One

Shops:
D:5 (?

Annotations:
D:4 1 runed translucent door, hgbash's ghost, amateur GrEE
D:7 2 transporters, CornPuffBuddha's ghost, novice MiHu
D:12 Azrael; Jorgrun; Snorg
D:13 Nessos
Abyss:1 Prince Ribbit


Innate Abilities, Weirdness & Mutations

You are immune to sickness and miasma.
Your stone body is resilient. (AC +8)
You are immune to poison.
You resist negative energy. (rN+)
You are resistant to electric shocks. (rElec)
You are resistant to unholy torment.
You are immune to petrification.


Message History

Roots burst forth from the earth!
The grasping roots grab you! The grasping roots constrict you.
Throw: 24 boomerangs
Press: ? - help, Shift-Dir - straight line, f/p - Jorgrun
Aim: Jorgrun, wielding a staff of earth and wearing a +0 robe (inner flame, 50% to hit)
You throw a boomerang. The boomerang misses Jorgrun.
The grasping roots constrict you!
You throw a boomerang. The boomerang hits Jorgrun!
Flame seeps out of Jorgrun.
Jorgrun is lightly wounded.
Jorgrun is engulfed in blazing flames.
Flame seeps out of Jorgrun.
Jorgrun casts a spell at the rock wall.
Some rock shatters into small pieces.
The grasping roots constrict you.
You throw a boomerang. The boomerang hits Jorgrun.
Flame seeps out of Jorgrun.
Jorgrun is lightly wounded.
Jorgrun is engulfed in blazing flames.
Flame seeps out of Jorgrun.
The grasping roots constrict you. The grasping roots constrict you!
You throw a boomerang.
The boomerang hits Jorgrun but does no damage.
Jorgrun is moderately wounded.
The grasping roots constrict you.
You throw a boomerang.
The boomerang hits Jorgrun but does no damage.
Jorgrun is moderately wounded.
Jorgrun mutters some incantations to himself.
The grasping roots constrict you.
You miss Jorgrun.
Jorgrun is moderately wounded.
Jorgrun gestures at you while chanting. The iron shot hits you!!!
* * * LOW HITPOINT WARNING * * *
The grasping roots constrict you!
* * * LOW HITPOINT WARNING * * *
You are too injured to fight recklessly!
It was a potion of resistance.
You feel protected. Jorgrun hits you with a staff of earth.
* * * LOW HITPOINT WARNING * * *
The grasping roots constrict you!
You die...

....g....# #.#.# #.#*,,*
.##....#.#######.#.#######.#*,,**
,*##.#.#..................,,,,,,,
.####...####.......##.####***,***
.......<..........^...# *,*
######.##.##..#######?# *,*
*#.###.#..# *,# *,*
**...###...######*,* *,*
*....)......g@..#*,* *,*
#....###...####.#*,* *,*
#.#.##*###.# #.#*,* *,* #.#.,,,*
#.#**#.#*,*******,*
*,*,,*,**#..,,...,,,,,,,,,,*
*,**,,,,,..?.,...,,*********
*,*******#.#######** *,* #.# *,*
#.#


You could see Jorgrun (inner flame).

Vanquished Creatures
  Harold (D:9)
  Erica (D:9)
  2 two-headed ogres
  An orc knight (Bailey)
  A deep elf pyromancer (D:12)
  Maggie (D:9)
  An unseen horror (D:11)
  A komodo dragon (D:9)
  A troll (D:12)
  6 hornets (D:11)
  A shadow (D:12)
  2 wyverns
  2 wraiths
  2 basilisks (D:8)
  12 yaks
  2 vampire mosquitoes
  A steam dragon (D:8)
  2 acid dragons
  A floating eye (D:11)
  2 water moccasins
  8 orc warriors
  2 sky beasts
  2 ice beasts (D:8)
  A black bear (D:5)
  2 ogres
  7 centaurs
  A phantom (D:5)
  7 kobold brigands
  2 bullfrogs
  7 wights
  9 killer bees (D:9)
  8 howler monkeys
  A hound (D:6)
  3 jellies
  12 orc priests
  A gnoll bouda (D:6)
  Jessica (D:3)
  2 iguanas
  7 orc wizards
  Robin (D:4)
  11 gnolls
  9 adders
  An ufetubus (D:4)
  2 worms (D:2)
  29 orcs
  8 ball pythons
  4 bats
  6 endoplasms
  2 giant cockroaches (D:2)
  14 goblins
  10 hobgoblins
  5 jackals
  5 quokkas
  2 frilled lizards
  28 kobolds
  2 rats (D:1)
265 creatures vanquished.

Vanquished Creatures (others)
  A kobold (Bailey)
1 creature vanquished.

Grand Total: 266 creatures vanquished

Notes
Turn   | Place    | Note
-------+----------+-------------------------------------------
     0 | D:1      | purpskrrrp the Gargoyle Fighter began the quest for the
                  | Orb.
     0 | D:1      | Reached XP level 1. HP: 14/14 MP: 1/1
   153 | D:1      | Reached XP level 2. HP: 8/19 MP: 2/2
  1005 | D:1      | Reached XP level 3. HP: 10/23 MP: 3/3
  1577 | D:2      | Identified a scroll of acquirement
  1578 | D:2      | Acquired 1302 gold pieces
  1626 | D:2      | Reached skill level 3 in Maces & Flails
  2145 | D:2      | Reached XP level 4. HP: 29/29 MP: 4/4
  2331 | D:2      | Found a faded altar of an unknown god.
  2452 | D:2      | Prayed at the altar of an unknown god.
  2452 | D:2      | Became a worshipper of Sif Muna the Loreminder
  2452 | D:2      | Reached * piety under Sif Muna
  2872 | D:3      | Noticed Jessica
  2887 | D:3      | Killed Jessica
  3036 | D:3      | Acquired the +3 hat "Badabyze" {rPois Dex+7}
  3265 | D:3      | Found a shadowy altar of Dithmenos.
  3269 | D:3      | Found an ancient bone altar of Kikubaaqudgha.
  3269 | D:3      | Found an iron altar of Okawaru.
  3277 | D:3      | Found a sparkling altar of Nemelex Xobeh.
  3280 | D:3      | Found a hide-covered altar of Uskayaw.
  3522 | D:4      | Reached skill level 1 in Invocations
  3522 | D:4      | Reached XP level 5. HP: 32/33 MP: 5/5
  3603 | D:4      | Noticed an ogre
  3629 | D:4      | Killed an ogre
  3630 | D:4      | Reached skill level 4 in Maces & Flails
  3630 | D:4      | Reached XP level 6. HP: 39/39 MP: 5/7
  3828 | D:4      | Noticed Robin
  3850 | D:4      | Killed Robin
  3918 | D:4      | Reached ** piety under Sif Muna
  4031 | D:4      | Found a runed translucent door.
  4031 | D:4      | Noticed hgbash's ghost (amateur GrEE)
  4044 | D:4      | Found a basalt altar of Yredelemnul.
  4410 | D:5      | Entered Level 5 of the Dungeon
  4410 | D:5      | Found Utyak's Magic Scroll Emporium.
  4415 | D:5      | Bought a scroll of identify for 28 gold pieces
  4415 | D:5      | Bought a scroll of identify for 28 gold pieces
  4415 | D:5      | Bought a scroll of identify for 28 gold pieces
  4415 | D:5      | Bought a scroll of identify for 28 gold pieces
  4415 | D:5      | Bought a scroll of enchant weapon for 105 gold pieces
  4612 | D:5      | Reached XP level 7. HP: 39/44 MP: 8/8
  4660 | D:5      | Found Toxkas's Antique Weapon Shop.
  4663 | D:5      | Bought a runed battleaxe for 218 gold pieces
  4663 | D:5      | Bought a runed flail for 149 gold pieces
  4716 | D:5      | Reached skill level 5 in Maces & Flails
  4910 | D:5      | Reached skill level 5 in Fighting
  4910 | D:5      | Reached skill level 5 in Armour
  5581 | D:6      | Reached XP level 8. HP: 50/50 MP: 10/10
  5587 | D:6      | Reached skill level 6 in Maces & Flails
  6336 | D:7      | Noticed a wyvern
  6336 | D:7      | Found a transporter.
  6337 | D:7      | Noticed a two-headed ogre
  6484 | D:7      | Found a staircase to the Ecumenical Temple.
  6489 | D:7      | Reached skill level 1 in Earth Magic
  6493 | D:7      | Killed a wyvern
  6513 | D:7      | Reached skill level 7 in Maces & Flails
  6516 | D:7      | Reached XP level 9. HP: 47/55 MP: 10/12
  6761 | D:7      | Found a transporter.
  6815 | D:7      | Noticed CornPuffBuddha's ghost (novice MiHu)
  6841 | D:7      | Reached *** piety under Sif Muna
  7042 | D:7      | Gained mutation: You are dopey. (Int -2) [potion of
                  | mutation]
  7042 | D:7      | Lost mutation: You are dopey. (Int -2) [potion of mutation]
  7133 | D:8      | Reached skill level 5 in Invocations
  7158 | D:8      | Found a flagged portal.
  7187 | Bailey   | Entered a bailey
  7266 | Bailey   | Noticed an orc knight
  7278 | Bailey   | Killed an orc knight
  7279 | Bailey   | Reached skill level 8 in Maces & Flails
  7279 | Bailey   | Reached skill level 5 in Earth Magic
  7527 | Bailey   | Found a burning altar of Makhleb.
  7798 | D:8      | Reached XP level 10. HP: 53/63 MP: 10/14
  8194 | D:8      | Found a staircase to the Lair.
  8337 | D:8      | Found a sacrificial altar of Ru.
  9219 | D:9      | Reached skill level 9 in Maces & Flails
  9362 | D:9      | Noticed Harold
  9379 | D:9      | HP: 2/64 [something (9)]
  9384 | D:9      | Killed Harold
  9410 | D:9      | Noticed a two-headed ogre
  9825 | D:9      | Killed a two-headed ogre
  9927 | D:9      | Found a hazy altar of Hepliaklqana.
  9927 | D:9      | Found an opulent altar of Gozag.
  9947 | D:9      | Found a staircase to the Orcish Mines.
  9948 | D:9      | Noticed Prince Ribbit
  9958 | D:9      | Noticed Maggie
  9960 | D:9      | Banished Prince Ribbit
  9975 | D:9      | Killed Maggie
  9976 | D:9      | Reached XP level 11. HP: 24/68 MP: 5/16
 10632 | D:9      | Reached **** piety under Sif Muna
 10727 | D:9      | Noticed Erica
 10761 | D:9      | Killed Erica
 10762 | D:9      | Reached skill level 10 in Maces & Flails
 10960 | D:9      | Found a broken altar of Ashenzari.
 10960 | D:9      | Found a faded altar of an unknown god.
 10961 | D:9      | Acquired the ring "Soxkowno" {rN++ Will+ Dex+2}
 10971 | D:9      | Found a shimmering blue altar of Sif Muna.
 10973 | D:9      | Found a snail-covered altar of Cheibriados.
 10975 | D:9      | Found a faded altar of an unknown god.
 11698 | D:10     | Entered Level 10 of the Dungeon
 11734 | D:10     | Noticed a two-headed ogre
 11768 | D:10     | Killed a two-headed ogre
 12203 | D:10     | Found a white marble altar of Elyvilon.
 12203 | D:10     | Found a glowing silver altar of Zin.
 12203 | D:10     | Found a glowing golden altar of the Shining One.
 12303 | D:10     | You fall into a shaft and drop 3 floors!
 12307 | D:13     | Noticed Nessos
 12517 | D:12     | Noticed a deep elf pyromancer
 12525 | D:12     | Killed a deep elf pyromancer
 12526 | D:12     | Reached skill level 11 in Maces & Flails
 12526 | D:12     | Reached skill level 10 in Earth Magic
 12539 | D:12     | Noticed Jorgrun
 12796 | D:10     | Found a blossoming altar of Fedhas.
 12987 | D:10     | Found a burning altar of Makhleb.
 13505 | D:11     | Reached XP level 12. HP: 57/76 MP: 12/17
 13613 | D:11     | Paralysed by a floating eye for 4 turns
 14372 | D:12     | Noticed Snorg
 14373 | D:12     | Noticed Azrael
 14874 | D:12     | HP: 2/77 [constriction (8)]
 14875 | D:12     | Constricted to death by Jorgrun

Illustrated notes

Levels and vault maps discovered:
D:1:      lemuel_arrival_tunnels, layout_basic
D:2:      layout_basic, nicolae_ecumenical_lake_church, serial_forest,
          infiniplex_forest_clump_small, infiniplex_forest_clump_small,
          infiniplex_forest_straight_3, infiniplex_forest_straight_1,
          infiniplex_forest_lined_2
D:3:      layout_loops_corners, minmay_overflow_temple_star_hex, uniq_jessica
D:4:      layout_basic, yredelemnul_altar_generic, gammafunk_ghost_grave,
          uniq_robin
D:5:      layout_gridville, serial_shops, kennysheep_mini, abandoned_shop,
          nicolae_stop_n_shop_1
D:6:      layout_basic
D:7:      layout_cave_pools, minmay_temple_entry_offerings,
          gammafunk_ghost_arena
D:8:      layout_basic, mainiacjoe_overflow_24_doors, david_lair_generic,
          lightli_bailey_entry_fortress
D:9:      layout_stronghold, chequers_temple_overflow_minitemple,
          mainiacjoe_overflow_divided_tiny, minmay_orc_entry_temple_small,
          grunt_decor_junction, eino_jars, uniq_prince_ribbit1, uniq_harold,
          uniq_maggie, uniq_erica
D:10:     layout_loops_ring, dreamdust_divine_triumvirate, fedhas_altar_2,
          serial_glass, glass_columns_c, glass_columns_a, glass_columns_c,
          glass_columns_a, glass_columns_c, glass_columns_b, glass_columns_c,
          glass_columns_a, nrook_loot_triangle, david_defended_altar_orc
D:11:     hellmonk_paralyzer, layout_long_grid
D:12:     layout_loops_ring, uniq_azrael, uniq_snorg, uniq_jorgrun
D:13:     layout_cross, uniq_nessos

Skill      XL: |  1  2  3  4  5  6  7  8  9 10 11 |
---------------+----------------------------------+-----
Maces & Flails | 3 4 5 7 8 9 11 | 11.7
Fighting       | 4 5 6 7 8 9 |  9.8
Armour         | 4 5 6 7 8 9 |  9.6
Invocations    | 1 2 3 4 5 6 7 |  7.2
Earth Magic    | 3 6 8 10 | 10.5
Shields        | |  3.2

Action                   |  1- 3 |  4- 6 |  7- 9 | 10-12 || total
-------------------------+-------+-------+-------+-------++-------
Melee: Flail             |   122 |   159 |   260 |   353 ||   894
Throw: Dart              |       |     5 |    65 |   232 ||   302
       Boomerang         |       |       |       |    12 ||    12
       Throwing net      |       |       |       |     2 ||     2
Evoke: Wand              |       |       |     2 |     2 ||     4
  Use: Scroll            |     5 |     8 |    11 |    13 ||    37
       Potion            |     1 |     3 |     1 |    10 ||    15
 Stab: Invisible         |       |       |     6 |       ||     6
Armor: Scale mail        |    78 |    92 |   172 |   258 ||   600
       Acid dragon scale |       |       |       |     1 ||     1
Dodge: Dodged            |    69 |    67 |   178 |   137 ||   451
Block: Buckler           |    34 |    44 |    89 |   103 ||   270

Table legend: (Time is in decaauts)
 A = Elapsed time spent in this place.
 B = Non-inter-level travel time spent in this place.
 C = Inter-level travel time spent in this place.
 D = Time resting spent in this place.
 E = Time spent auto-exploring this place.
 F = Levels seen in this place.
 G = Mean time per level.
                   A        B        C        D        E       F      G
               +--------+--------+--------+--------+--------+-----+--------+
         Total |  14949 |  14081 |    868 |   3528 |   8012 |  14 | 1067.8 |
       Dungeon |  14523 |  13655 |    868 |   3420 |   7912 |  13 | 1117.2 |
        Bailey |    426 |    426 |      0 |    108 |    100 |   1 |  426.0 |
               +--------+--------+--------+--------+--------+-----+--------+

Top non-repeatable levels by time:
     D:8: 2096 daAuts
     D:9: 1863 daAuts
    D:11: 1763 daAuts
     D:1: 1553 daAuts
     D:6: 1125 daAuts
     D:3: 1045 daAuts
     D:2: 958 daAuts
     D:5: 948 daAuts
    D:10: 932 daAuts
     D:4: 920 daAuts
     D:7: 867 daAuts
    D:12: 441 daAuts
  Bailey: 426 daAuts
    D:13: 7 daAuts
